 Dungeon Crawl Stone Soup version 0.19.0-9-gfd783f2 (webtiles) character file.

234 Pepeogr the Chopper (level 5, 0/47 HPs)
             Began as a Draconian Monk on Nov 7, 2016.
             Succumbed to a worker ant's poison
             ... on level 3 of the Dungeon.
             The game lasted 00:12:36 (3236 turns).

Pepeogr the Chopper (Draconian Monk)                Turns: 3236, Time: 00:12:37

Health: 0/47       AC:  5    Str: 13      XL:     5   Next: 75%
Magic:  5/5        EV: 13    Int: 10 (11) God:
Gold:   113        SH:  0    Dex: 14      Spells: 0 memorised, 4 levels left

rFire  . . .     SeeInvis .     b - +0 hand axe (flame)
rCold  + . .     Gourm    .     (armour unavailable)
rNeg   . . .     Faith    .     (no shield)
rPois  .         Spirit   .     (helmet restricted)
rElec  .         Reflect  .     (no cloak)
rCorr  .         Harm     .     (no gloves)
MR     .....                    (no boots)
Stlth  ++........               (no amulet)
                                (no ring)
                                i - ring of protection from cold

@: lethally poisoned (0 -> -2)
A: unfitting armour, cold-blooded, AC +5
a: no special abilities


You were on level 3 of the Dungeon.
You were not hungry.

You visited 1 branch of the dungeon, and saw 4 of its levels.

You collected 113 gold pieces.

Inventory:

Hand Weapons
 a - a +1 hand axe
 b - a +0 hand axe of flaming (weapon)
 m - a +2 short sword of freezing
Jewellery
 i - a ring of protection from cold (left hand)
Wands
 d - a wand of teleportation (3/9)
Scrolls
 e - a scroll of identify
 f - a scroll of fear
 h - a scroll of teleportation
Potions
 k - a potion of haste
 l - a potion of brilliance
Comestibles
 g - 2 bread rations
 j - a slice of pizza
 n - 2 meat rations


   Skills:
 + Level 4.3 Fighting
 * Level 5.4 Axes
 + Level 3.4 Dodging
 - Level 1.7 Stealth


You had 4 spell levels left.
You didn't know any spells.

Dungeon Overview and Level Annotations

Branches:
Dungeon (4/15)
 Temple: D:4-7

Altars:
Fedhas


Innate Abilities, Weirdness & Mutations

Your plain brown scales are hard. (AC +5)
You cannot fit into any form of body armour.
You are cold-blooded and may be slowed by cold attacks.


Message History

* * * LOW HITPOINT WARNING * * *
You feel sick.
There is a lethal amount of poison in your body!
You don't know any spells.
Sorry, you're not good enough to have a special ability.
* * * LOW HITPOINT WARNING * * *
You feel sick.
A kobold comes into view. It is wielding a short sword.
* * * LOW HITPOINT WARNING * * *
You feel sick.
The kobold shouts!
The kobold throws a stone.
The stone hits you but does no damage.
You see here a stone.
You see here a stone.
* * * LOW HITPOINT WARNING * * *
You feel sick.
The kobold throws a stone.
The stone hits you.
* * * LOW HITPOINT WARNING * * *
You see here a stone.
You die...

..#........##.#
..###.####.##.#
..............#
.####.####.#######
.#.........K...(.#
.#.##...##.#..##(#
.#.##...#.....##.#
.#.##.#.#.....##.#
.#......#.#...##@#
.######.#.###.##>#
.. ..#......#†# ##
#.##.##.##.#
.########..##..#.#
.........##>.##..#
.#####...##..#######
.#.........##......#
.#.###...#.##.#....#


There were no monsters in sight!

Vanquished Creatures
  Terence (D:2)
  A worker ant (D:3)
  4 gnolls (D:3)
  5 adders
  2 worms
  2 dart slugs
  4 leopard geckos
  6 orcs (D:3)
  2 giant cockroaches
  13 goblins
  9 hobgoblins
  8 jackals
  2 quokkas
  A ball python (D:3)
  6 bats
  4 frilled lizards
  8 kobolds
  8 rats
86 creatures vanquished.

Notes
Turn   | Place    | Note
-------+----------+-------------------------------------------
     0 | D:1      | Pepeogr the Draconian Monk began the quest for the Orb.
     0 | D:1      | Reached XP level 1. HP: 19/19 MP: 1/1
    59 | D:1      | Reached XP level 2. HP: 25/26 MP: 2/2
   535 | D:1      | Reached XP level 3. HP: 30/31 MP: 3/3
   734 | D:2      | Found a blossoming altar of Fedhas.
   759 | D:2      | Reached skill level 4 in Axes
  1117 | D:2      | Reached XP level 4. HP: 32/38 MP: 4/4
  1326 | D:2      | Noticed Terence
  1338 | D:2      | Killed Terence
  1956 | D:3      | Reached skill level 5 in Axes
  2089 | D:3      | Reached XP level 5. HP: 40/46 MP: 5/5
  3192 | D:4      | Noticed a phantom
  3229 | D:3      | HP: 2/47 [poisoned by a worker ant]
  3236 | D:3      | Succumbed to a worker ant's poison

Skill      XL: |  1  2  3  4  5 |
---------------+----------------+-----
Dodging        | 3 |  3.4
Axes           | 4 5 |  5.4
Fighting       | 4 |  4.3
Stealth        | |  1.7

Action                   |  1- 3 |  4- 6 || total
-------------------------+-------+-------++-------
Melee: Hand axe          |   140 |   161 ||   301
       Tailslap          |    14 |    10 ||    24
  Use: Scroll            |     8 |     3 ||    11
       Potion            |     2 |     6 ||     8
 Stab: Sleeping          |     5 |     2 ||     7
       Distracted        |       |     1 ||     1
  Eat: Bread ration      |       |     1 ||     1
       Meat ration       |       |     1 ||     1
Armor: Skin              |    47 |    33 ||    80
Dodge: Dodged            |   122 |   113 ||   235
